 Dungeon Crawl Stone Soup version 0.25-a0-663-gace7076 (webtiles) character file.

Game seed: 7153503409007860559, levelgen mode: deterministic

4678 Faca the Fighter (level 10, -4/86 HPs)
             Began as a Human Fighter on Mar 24, 2020.
             Was a Follower of Okawaru.
             Slain by an orc knight
             ... wielding a +0 war axe
              (20 damage)
             ... in a bailey.
             The game lasted 00:21:24 (7630 turns).

Faca the Fighter (Human Fighter)                    Turns: 7630, Time: 00:21:24

Health: -4/86      AC: 15    Str: 20    XL:     10   Next: 72%
Magic:  9/10       EV:  7    Int:  9    God:    Okawaru [*.....]
Gold:   444        SH: 10    Dex: 16    Spells: 9/9 levels left

rFire    + . .     SeeInvis +   a - +1 long sword
rCold    . . .     Gourm    .   c - +0 kite shield
rNeg     . . .     Faith    .   y - +4 scale mail of Apathy {rPois rF+ MR+ SInv}
rPois    +         Spirit   .   e - +0 helmet
rElec    .         Reflect  .   (no cloak)
rCorr    .         Harm     .   r - +0 pair of gloves
MR       +....                  u - +1 pair of boots
Stlth    ..........             o - amulet of regeneration
HPRegen  0.64/turn              i - +4 ring of dexterity
MPRegen  0.12/turn              h - ring of see invisible

@: mighty
A: no striking features
a: Heroism, Renounce Religion


You were in a bailey.
You worshipped Okawaru.
Okawaru was aware of your devotion.
You were not hungry.

You visited 2 branches of the dungeon, and saw 9 of its levels.
You also visited: Bailey.

You collected 444 gold pieces.

Inventory:

Hand Weapons
 a - a +1 long sword (weapon)
 x - a +0 rapier of draining
Missiles
 q - 3 boomerangs (quivered)
Armour
 c - a +0 kite shield (worn)
 e - a +0 helmet (worn)
 r - a +0 pair of gloves (worn)
 u - a +1 pair of boots (worn)
 y - the +4 scale mail of Apathy (worn) {rPois rF+ MR+ SInv}
   (You took it off a goblin on level 8 of the Dungeon)

   It protects you from fire.
   It protects you from poison.
   It affects your resistance to hostile enchantments.
   It lets you see invisible.
Jewellery
 h - a ring of see invisible (right hand)
 i - a +4 ring of dexterity (left hand)
 o - an amulet of regeneration (around neck)
Wands
 b - a wand of iceblast (8)
 m - a wand of random effects (17)
 t - a wand of digging (5)
Scrolls
 g - 2 scrolls of remove curse
 p - a scroll of teleportation
Potions
 d - a potion of might
 j - a potion of brilliance {unknown}
 k - 2 potions of haste
 l - a potion of curing
 s - 2 potions of flight
 z - a potion of cancellation {unknown}
Comestibles
 f - 12 rations
 v - 14 chunks of flesh


   Skills:
 + Level 10.5 Fighting
 + Level 10.3 Long Blades
 + Level 4.4 Armour
 + Level 4.4 Shields


You had 9 spell levels left.
You didn't know any spells.
Your spell library contained the following spells:

 Spells                   Type           Power        Failure   Level  Hunger
 Corona                   Hex            #......      99%         1    ##.....
 Summon Small Mammal      Summ           #...         99%         1    ##.....
 Call Imp                 Summ           #.......     100%        2    ###....
 Ensorcelled Hibernation  Hex/Ice        #.....       100%        2    ###....
 Call Canine Familiar     Summ           #.......     100%        3    ####...
 Confusing Touch          Hex            #.......     100%        3    ####...
 Dazzling Flash           Conj/Hex       #.....       100%        3    ####...
 Summon Guardian Golem    Hex/Summ       #.......     100%        3    ####...
 Tukima's Dance           Hex            #.......     100%        3    ####...
 Summon Ice Beast         Ice/Summ       #.......     100%        4    #####..
 Summon Lightning Spire   Summ/Air       #.......     100%        4    #####..


Dungeon Overview and Level Annotations

Branches:
Dungeon (8/15)             Temple (1/1) D:6          Bailey (1/1)
   Lair: D:8-11

Altars:
Ashenzari
Cheibriados
Dithmenos
Elyvilon
Fedhas
Gozag
Hepliaklqana
Kikubaaqudgha
Makhleb
Nemelex Xobeh
Okawaru
Qazlal
Ru
Sif Muna
Trog
Uskayaw
Vehumet
Wu Jian
Xom
Yredelemnul
Zin
The Shining One

Shops:
D:4 :   D:5 *   D:8 (

Annotations:
D:6 Prince Ribbit
D:7 3 runed translucent doors, robertstho's ghost, novice DrBe


Message History

You block the orc knight's attack. The orc knight completely misses you.
You hit the orc knight.
The orc knight is severely wounded.
The orc knight hits you with a +0 war axe!
You slash the orc knight!
The orc knight is severely wounded.
You feel like a meek peon again. The orc knight completely misses you.
The orc knight hits you with a +0 war axe!!
* * * LOW HITPOINT WARNING * * *
Okay, then.
As you read the scroll of fear, it crumbles to dust.
You assume a fearsome visage.
The orc knight looks frightened!
The hobgoblin looks frightened!
The orc knight resists with some effort.
The goblin looks frightened!
The gnoll looks frightened!
The orc knight looks frightened!
The orc knight no longer looks unusually strong.
The orc knight hits you with a +0 war axe!!
You die...

.### ..# ..# o..g...
..# g.⌠.... ..#
..o.... ..# ......?
.### ### o.... ##.###
###.###ggg .....###
###....@#'#
.......###.....ooog##
........#.......gg..#
........#...........#
..⌠....)#.....⌠.....#
.......))...........#
........#...........#
.......###.........##
.....### ###.....###


You could see 3 orc knights, a gnoll (fleeing), a hobgoblin (fleeing) and a
goblin (fleeing).

Vanquished Creatures
  Pikel (D:4)
  Grinder (D:4)
  A hippogriff (D:8)
  A dream sheep (D:8)
  Eustachio (D:5)
  4 orc warriors
  An ice beast (D:7)
  Purgy (D:4)
  A necrophage (D:6)
  A sky beast (D:7)
  2 phantoms
  2 ogres
  2 centaurs
  Blork the orc (D:6)
  2 big kobolds (D:8)
  4 bullfrogs
  3 scorpions
  A water moccasin skeleton (D:6)
  3 killer bees
  6 crimson imps
  5 howler monkeys
  A centaur zombie (D:5)
  2 bullfrog skeletons
  A hound (D:4)
  3 orc priests
  5 iguanas
  A jelly (D:7)
  9 orc wizards
  Jessica (D:2)
  A worker ant (D:3)
  A worker ant zombie (D:7)
  Robin (D:1)
  11 gnolls
  9 adders
  A shadow imp (D:8)
  2 oozes
  5 worms
  4 dart slugs
  4 leopard geckos
  36 orcs
  8 bats
  5 giant cockroaches
  29 goblins
  20 hobgoblins
  8 jackals
  5 kobolds
  A quokka (D:4)
  4 ball pythons
  9 frilled lizards
  A leopard gecko skeleton (D:4)
  7 rats
239 creatures vanquished.

Notes
Turn   | Place    | Note
-------+----------+-------------------------------------------
     0 | D:1      | Faca the Human Fighter began the quest for the Orb.
     0 | D:1      | Reached XP level 1. HP: 18/18 MP: 1/1
    64 | D:1      | Reached XP level 2. HP: 21/24 MP: 2/2
   280 | D:1      | Reached XP level 3. HP: 25/29 MP: 3/3
   961 | D:2      | Noticed Jessica
   975 | D:2      | Reached XP level 4. HP: 36/37 MP: 4/4
   988 | D:2      | Killed Jessica
  1003 | D:2      | Noticed Robin
  1095 | D:1      | Killed Robin
  1101 | D:1      | Reached XP level 5. HP: 39/42 MP: 5/5
  1157 | D:2      | Found a shadowy altar of Dithmenos.
  1404 | D:2      | Found a sacrificial altar of Ru.
  1429 | D:2      | Found a stormy altar of Qazlal.
  1572 | D:3      | Reached XP level 6. HP: 23/50 MP: 6/6
  1683 | D:3      | Reached skill level 5 in Fighting
  2054 | D:3      | Found a white marble altar of Elyvilon.
  2066 | D:3      | Found a bloodstained altar of Trog.
  2252 | D:3      | Found a snail-covered altar of Cheibriados.
  2277 | D:3      | Found an opulent altar of Gozag.
  2483 | D:4      | Reached skill level 5 in Long Blades
  2492 | D:4      | Reached XP level 7. HP: 50/56 MP: 7/7
  2706 | D:4      | Noticed Pikel
  2751 | D:4      | Killed Pikel
  2751 | D:4      | Reached XP level 8. HP: 56/67 MP: 8/8
  2815 | D:4      | Found Deufrap's Book Boutique.
  3075 | D:4      | Noticed Grinder
  3076 | D:4      | Noticed Purgy
  3118 | D:4      | Killed Grinder
  3144 | D:4      | Killed Purgy
  3192 | D:5      | Entered Level 5 of the Dungeon
  3315 | D:5      | Reached XP level 9. HP: 71/74 MP: 9/9
  3423 | D:5      | Noticed Eustachio
  3959 | D:5      | Found Zin's Purification Station.
  3963 | D:5      | Found a glowing silver altar of Zin.
  4434 | D:6      | Noticed Prince Ribbit
  4530 | D:6      | Noticed Blork the orc
  4558 | D:6      | Killed Blork the orc
  5128 | D:6      | Found a staircase to the Ecumenical Temple.
  5137 | Temple   | Entered the Ecumenical Temple
  5645 | D:7      | Found a runed translucent gate.
  5648 | D:7      | Found a runed translucent gate.
  5648 | D:7      | Found a runed translucent gate.
  5648 | D:7      | Noticed a hippogriff
  5651 | D:7      | Noticed robertstho's ghost (novice DrBe)
  5651 | D:7      | Noticed a troll
  5698 | D:7      | Reached XP level 10. HP: 69/84 MP: 10/10
  5854 | D:7      | Reached skill level 10 in Fighting
  6338 | D:7      | Found an iron altar of Okawaru.
  6344 | D:7      | Became a worshipper of Warmaster Okawaru
  6815 | D:5      | Killed Eustachio
  6924 | D:8      | Found Kucugyal's Antique Weapon Shop.
  6981 | D:8      | Reached skill level 10 in Long Blades
  7168 | D:8      | Reached * piety under Okawaru
  7182 | D:8      | Identified the +4 scale mail of Apathy {rPois rF+ MR+ SInv}
  7322 | D:8      | Found a flagged portal.
  7328 | Bailey   | Entered a bailey
  7607 | Bailey   | Noticed an orc knight
  7612 | Bailey   | Noticed an orc knight
  7612 | Bailey   | Noticed an orc knight
  7630 | Bailey   | Slain by an orc knight

Levels and vault maps discovered:
D:1:      co_arrival_random_square_maze, layout_loops_ring, kennysheep_doodads
D:2:      layout_rooms, grunt_dithmenos_smoke, marbit_many_paths,
          nicolae_ru_path_of_blood, uniq_robin, uniq_jessica
D:3:      layout_loops_ring, nicolae_overflow_quartered_altars
D:4:      layout_basic, serial_shops, shop, first_ration, uniq_grinder,
          uniq_purgy, uniq_pikel
D:5:      layout_basic, zin_purify, cheibrodos_sewer_entry_drain,
          minmay_misc_feat_five, nrook_pool_corridor, uniq_eustachio
D:6:      layout_gridville, minmay_temple_entry_poolview, serial_park_tiny_pond,
          uniq_prince_ribbit1, uniq_blork_the_orc
D:7:      minmay_inner_zag, layout_layer_cave, okawaru_gym_becter,
          gammafunk_ghost_split
D:8:      layout_rooms, enter_bailey_3, serial_shops, shop_fountains,
          gammafunk_ghost_grave, hangedman_ranch [blue_anna_fruit_fields]
Temple:   eino_temple_water
Bailey:   bailey_axe_minmay_hex_keep, bailey

Skill      XL: |  1  2  3  4  5  6  7  8  9 10 |
---------------+-------------------------------+-----
Long Blades    | 3 4 5 6 7 9 10 | 10.3
Fighting       | 4 5 7 8 9 10 | 10.5
Shields        | 4 |  4.4
Armour         | 4 |  4.4

Action                   |  1- 3 |  4- 6 |  7- 9 | 10-12 || total
-------------------------+-------+-------+-------+-------++-------
Melee: Long sword        |    94 |   266 |   453 |   353 ||  1166
Throw: Boomerang         |       |       |     1 |       ||     1
Invok: Heroism           |       |       |       |     1 ||     1
Evoke: Wand              |       |       |    17 |       ||    17
  Use: Scroll            |     8 |     4 |     1 |     4 ||    17
       Potion            |       |       |     4 |     4 ||     8
  Eat: Chunk             |       |     6 |     8 |     3 ||    17
       Ration            |       |       |     1 |     1 ||     2
Armor: Scale mail        |    44 |    81 |       |    38 ||   163
       Chain mail        |       |    50 |   321 |   128 ||   499
Dodge: Dodged            |    28 |    80 |   102 |    74 ||   284
Block: Kite shield       |    38 |   171 |   295 |   154 ||   658
       Rpst.: Long sword |     5 |    25 |    36 |    29 ||    95

Table legend:
 A = Non-vault XP
 B = Vault XP
 C = Vault XP percentage of total XP
 D = Non-vault monster count
 E = Vault monster count
 F = Vault count percentage of total count
                 A         B        C        D         E       F
            +---------+---------+-------+---------+---------+-------
      Total |    4108 |    2575 |  38.5 |     175 |      64 |  26.8
            +---------+---------+-------+---------+---------+-------
        D:1 |      42 |      25 |  37.3 |      19 |       6 |  24.0
        D:2 |      56 |      51 |  47.7 |      17 |       8 |  32.0
        D:3 |     268 |       0 |   0.0 |      45 |       0 |   0.0
        D:4 |     446 |    1072 |  70.6 |      30 |       3 |   9.1
        D:5 |     896 |     204 |  18.5 |      23 |       3 |  11.5
        D:6 |     324 |     102 |  23.9 |       7 |       1 |  12.5
        D:7 |    1307 |     166 |  11.3 |      19 |       3 |  13.6
        D:8 |     769 |     448 |  36.8 |      15 |       6 |  28.6
     Bailey |       0 |     507 | 100.0 |       0 |      34 | 100.0
            +---------+---------+-------+---------+---------+-------
